Arrhythmia, chaotic female vampiric Convict --------- |.......| -------------- |.......| #....)..%.....| ------- |.......| #|%...........| |))[[.| #........| #|............| |[][..| #........| #--.----------- |[[[[.| ###|.......| ------------- # ########## |[[[).| % -.----.-- |.....|.....| # # |[[[[@@_#* ## # ##......|{....| # ### ------- # # # |...........| # # ####### ### |.....|...(.| # ## ---.-|---# |.....|<^.`.| ------# --------.--- |.......-####.............#####%..`..#######-..........| |..)....| |...........| #-....|## |..........| |......>.####------------- |%...|## |..........| --------- ######### |....|# ------------ |.....# |....| ------ Arrhythmia the Jail-bird Experience level: 6 Strength: 25 Dexterity: 13 Constitution: 18 Intelligence: 12 Wisdom: 6 Charisma: 9 Health: 0(53) Energy: 31(31) AC: 8 Gold: 0 Moves: 1837 Your Inventory: Amulets i - a [cursed] octagonal amulet [of change] Armor b - a cursed +0 striped shirt (being worn) n - an [uncursed] +0 hooded cloak [dwarvish] (being worn) o - an [uncursed] +0 pair of gauntlets of power (being worn) p - an [uncursed] +0 pair of speed boots (being worn) Scrolls h - an [uncursed] scroll labeled KERNOD WEL [of teleportation] Potions k - an [uncursed] potion of oil Rings e - a [blessed +2] ceramic ring [of gain strength] Tools m - an [uncursed oil] lamp (lit) Iron balls c - an [uncursed] heavy iron ball (chained to you) (weapon in hand) Spells known in the end: Name Level Category Fail Memory Your skills at the end: Fighting Skills Weapon Skills sling [Basic / Skilled] Spellcasting Skills Final Attributes: You were devoutly aligned. Hunger level was -27. Your alignment was 18 / 19. Monster difficulty range was 0 - 4. Level difficulty was 3. You were immune to level-drain. You were immune to sickness. You were punished. You could fly. You could survive without air. You regenerated. You were very fast. You were unlucky (-2). Tymora was angry with you (1). You are dead. Vanquished creatures: a shrieker 2 gnome lords a gnomish wizard a floating eye 2 dwarves an orc zombie a dwarf zombie an acid blob a hobbit a large kobold a giant rat a brown mold a yellow mold a red mold 9 gnomes 6 garter snakes 2 gnome zombies 7 geckos a fox a kobold a goblin a sewer rat 5 grid bugs 3 lichens 5 newts 57 creatures vanquished. Voluntary challenges: You went without food. You were illiterate. You never hit with a wielded weapon. You put on armor 5 times. You never genocided any monsters. You never polymorphed an object. You never changed form. You used no wishes. You abstained from Elbereth's help. You never encountered a bones level. You never used any Sokoban shortcuts. Dungeon overview: The Dungeons of Doom: levels 1 to 4 Level 1 a long staircase Level 2 a fountain Level 3 <- You were here an armor shop, a fountain Level 4 stairs to The Gnomish Mines The Gnomish Mines: Level 5 stairs to The Dungeons of Doom History has recorded: On T:1 you entered the Dungeons of Doom to retrieve the Amulet of Yendor! On T:324 you reached level 2 of The Dungeons of Doom. On T:339 you advanced to experience level 2. On T:639 you advanced to experience level 3. On T:824 you advanced to experience level 4. On T:911 you reached level 3 of The Dungeons of Doom. On T:1177 you advanced to experience level 5. On T:1351 you reached level 4 of The Dungeons of Doom. On T:1406 you reached level 1 of The Gnomish Mines. On T:1413 you advanced to experience level 6. Latest messages: The sleep ray hits you! Yildizeli zaps a grooved wand! The magic missile hits you! The magic missile bounces! Yildizeli zaps a wand of magic missile! The magic missile hits you! [HP-9=44] [HP+1=45] Yildizeli zaps a wand of magic missile! The magic missile hits you! The magic missile bounces! The magic missile hits you! [HP-15=30] Yildizeli zaps a wand of magic missile! The magic missile hits you! [HP-4=26] Yildizeli zaps a crusty wand! The wand hits you! [HP-13=13] Yildizeli zaps a wand of striking! The wand hits you! You die... Yildizeli takes all your possessions. Final status: Goodbye Arrhythmia the Convict... You died in The Dungeons of Doom on dungeon level 3 with 1724 points, and 0 pieces of gold, after 1837 moves. You were level 6 with a maximum of 53 hit points when you died.